[Event "Early-Titled-Tuesday-Blitz-April-02-2024"]
[Site "Chess.com"]
[Date "2024.04.02"]
[Round "6"]
[White "Heliosis11"]
[Black "vangulio"]
[Result "0-1"]
[WhiteElo "2375"]
[BlackElo "2551"]
[TimeControl "180+1"]
[EndTime "9:04:00 PDT"]
[Termination "vangulio won by resignation"]

1. e4 e5 2. Nf3 Nc6 3. Bb5 a6 4. Ba4 Nf6 5. O-O Nxe4 6. d4 b5 7. Bb3 d5 8. dxe5 Be6 9. c3 Bc5 10. Nbd2 O-O 11. Bc2 f5 12. exf6 Nxf6 13. Nb3 Bb6 14.
Nfd4 Qd7 15. Nxc6 Qxc6 16. Nd4 Qd7 17. Nxe6 Qxe6 18. Bg5 Ng4 19. Bh4 Rae8 20. Qd3 Qh6 21. Qxd5+ Kh8 22. Bg3 Rxf2 23. Rxf2 Bxf2+ 24. Bxf2 Qxh2+ 25. Kf1 Qh1+ 26. Bg1 Ne3+ 0-1

[Event "Early-Titled-Tuesday-Blitz-April-02-2024"]
[Site "Chess.com"]
[Date "2024.04.02"]
[Round "6"]
[White "Jospem"]
[Black "ilqar_74"]
[Result "1-0"]
[WhiteElo "3056"]
[BlackElo "2809"]
[TimeControl "180+1"]
[EndTime "9:04:08 PDT"]
[Termination "Jospem won by resignation"]

1. e4 c5 2. Nf3 d6 3. c3 Nf6 4. h3 e6 5. Bd3 Be7 6. Bc2 Nc6 7. O-O O-O 8. Re1 a6 9. d4 cxd4 10.
cxd4 d5 11. e5 Ne4 12. Nbd2 Nxd2 13. Bxd2 b5 14. Qe2 Bb7 15. Qd3 g6 16. a3 Rc8 17.
b4 Qb6 18. Rab1 Rc7 19. Rb2 Rfc8 20. Bb1 Ba8 21. Qe3 Bf8 22. h4 h5 23. Qf4 a5 24.
g4 hxg4 25. Qxg4 axb4 26. axb4 Ne7 27. h5 Nf5 28. Bxf5 exf5 29. Qh4 Bg7 30. h6 Bf8 31.
Bg5 Kh7 32. Bf6 1-0

[Event "Early-Titled-Tuesday-Blitz-April-02-2024"]
[Site "Chess.com"]
[Date "2024.04.02"]
[Round "6"]
[White "Slovineanu"]
[Black "margarita_2703"]
[Result "0-1"]
[WhiteElo "2467"]
[BlackElo "2330"]
[TimeControl "180+1"]
[EndTime "9:04:10 PDT"]
[Termination "margarita_2703 won by resignation"]

1. d4 a6 2. e4 e6 3. Nf3 d5 4.
exd5 exd5 5. Bd3 h6 6. O-O Bd6 7. Nbd2 Nf6 8. Re1+ Be6 9. c4 c6 10. c5 Bc7 11. Ne5 O-O 12. Ndf3 Nbd7 13. h3 Re8 14. Bf4 Nxe5 15. Bxe5 Bxe5 16. Nxe5 Nd7 17. Bc2 Nxe5 18.
Rxe5 f6 19. Re2 Bf7 20. Rxe8+ Qxe8 21. Qd3 g6 22. Kf1 Kg7 23. Re1 Qd7 24. b4 Re8 25. Rxe8 Qxe8 26. h4 h5 27. Qg3 Qe7 28. Qb8 Qd7 29.
a4 Qg4 30. Qxb7 Qxd4 31. g3 Qc4+ 32. Kg2 Qxc2 33. Qxc6 d4 34. b5 axb5 35. axb5 d3 36. b6 d2 37. b7 d1=Q 38. b8=Q Bd5+ 39. Qxd5 Qxd5+ 0-1

[Event "Early-Titled-Tuesday-Blitz-April-02-2024"]
[Site "Chess.com"]
[Date "2024.04.02"]
[Round "6"]
[White "profedechess93"]
[Black "savitha1030"]
[Result "1-0"]
[WhiteElo "2650"]
[BlackElo "2509"]
[TimeControl "180+1"]
[EndTime "9:04:12 PDT"]
[Termination "profedechess93 won by checkmate"]

1. e4 c5 2. Nf3 e6 3. d4 cxd4 4. Nxd4 a6 5. Nc3 Qc7 6. Be2 b5 7. Bf3 Bb7 8. O-O Nf6 9. e5 Ng8 10. Re1 Bc5 11. Be3 Bxd4 12. Bxd4 Ne7 13. Bxb7 Qxb7 14.
Bc5 Nbc6 15. Ne4 O-O 16. Qh5 Rfc8 17. Nd6 g6 18. Qf3 Qc7 19. Qxf7+ Kh8 20. Nxc8 Nxc8 21.
Qf8# 1-0

[Event "Early-Titled-Tuesday-Blitz-April-02-2024"]
[Site "Chess.com"]
[Date "2024.04.02"]
[Round "6"]
[White "HonestJoe1"]
[Black "JoshWeinstein"]
[Result "0-1"]
[WhiteElo "2067"]
[BlackElo "2369"]
[TimeControl "180+1"]
[EndTime "9:04:12 PDT"]
[Termination "JoshWeinstein won by resignation"]

1. d4 Nf6 2. c4 g6 3. Nc3 Bg7 4.
e4 d6 5. Nge2 Nbd7 6. Ng3 e5 7.
d5 O-O 8. Be2 a6 9. h4 b5 10.
cxb5 axb5 11. Bxb5 Ba6 12. O-O Nc5 13. Qe2 Bxb5 14. Qxb5 Rb8 15. Qe2 h6 16. h5 Kh7 17.
Be3 Ncd7 18. b3 g5 19. Rab1 Ne8 20. a4 Qe7 21. b4 Ndf6 22. b5 Qd7 23. a5 Ng4 24. a6 Nxe3 25. fxe3 Nf6 26. a7 Ra8 27. Ra1 Qc8 28. Nf5 Qb7 29. Rfb1 Rxa7 30. Rxa7 Qxa7 31. Rf1 Qc5 32. Nd1 Nxe4 33. Nxg7 Kxg7 34. Qf3 f5 0-1

[Event "Early-Titled-Tuesday-Blitz-April-02-2024"]
[Site "Chess.com"]
[Date "2024.04.02"]
[Round "6"]
[White "SAInt_666"]
[Black "GMthekingindian"]
[Result "1-0"]
[WhiteElo "2704"]
[BlackElo "2235"]
[TimeControl "180+1"]
[EndTime "9:04:15 PDT"]
[Termination "SAInt_666 won by resignation"]

1. e4 c5 2. Nf3 d6 3. d4 cxd4 4. Nxd4 Nf6 5. Nc3 a6 6. Be3 e6 7. a3 b5 8. g4 Bb7 9. Bg2 d5 10. exd5 Nxd5 11. Nxd5 Bxd5 12. Bf3 Be7 13. Nf5 Bf6 14.
Bxd5 exd5 15. Bc5 d4 16. Qf3 Nd7 17. Nd6+ Kf8 18. Nb7+ Nxc5 19. Nxd8 Rxd8 20. O-O-O Bg5+ 21. Kb1 g6 22. h4 Be7 23. h5 g5 24. Rhe1 Kg7 25.
Rxe7 1-0

[Event "Early-Titled-Tuesday-Blitz-April-02-2024"]
[Site "Chess.com"]
[Date "2024.04.02"]
[Round "6"]
[White "ChessboArt"]
[Black "Chxss_Khxsbu"]
[Result "1-0"]
[WhiteElo "2283"]
[BlackElo "1795"]
[TimeControl "180+1"]
[EndTime "9:04:15 PDT"]
[Termination "ChessboArt won on time"]

1. Nf3 Nc6 2. d4 e6 3. c4 d5 4. Nc3 Bb4 5. Bd2 Nf6 6. e3 O-O 7. Rc1 a5 8. Bd3 dxc4 9. Bxc4 Ne7 10. Qe2 c6 11. O-O b5 12. Bd3 Bb7 13. e4 Ng6 14.
Rfd1 Qc7 15. Bb1 1-0

[Event "Early-Titled-Tuesday-Blitz-April-02-2024"]
[Site "Chess.com"]
[Date "2024.04.02"]
[Round "6"]
[White "ViIIagra"]
[Black "MagnusCarlsen"]
[Result "0-1"]
[WhiteElo "2905"]
[BlackElo "3233"]
[TimeControl "180+1"]
[EndTime "9:04:16 PDT"]
[Termination "MagnusCarlsen won by resignation"]

1. g3 h5 2. Nf3 h4 3. Nxh4 e5 4. d4 exd4 5. c3 d5 6. cxd4 Rxh4 7. gxh4 Qxh4 8. Qd3 Nc6 9. Nc3 Nf6 10. Be3 Nb4 11. Qd2 Bf5 12. Rc1 Ne4 13. Qd1 O-O-O 14. Qb3 Nc6 15. Bg2 Bb4 16. a3 Bxc3+ 17. bxc3 Na5 18.
Qa4 Nc4 19. Bxe4 Bxe4 20. Rg1 Nxe3 21. Qxa7 Ng2+ 22. Rxg2 Bxg2 23. Qa8+ Kd7 24. Qxb7 Qxh2 0-1

[Event "Early-Titled-Tuesday-Blitz-April-02-2024"]
[Site "Chess.com"]
[Date "2024.04.02"]
[Round "6"]
[White "Tejas_Rama"]
[Black "Zavgorodniy_Sergiy"]
[Result "0-1"]
[WhiteElo "2514"]
[BlackElo "2654"]
[TimeControl "180+1"]
[EndTime "9:04:17 PDT"]
[Termination "Zavgorodniy_Sergiy won by resignation"]

1. d4 d5 2. c4 dxc4 3. e3 Nf6 4. Bxc4 e6 5. Nf3 a6 6. O-O b5 7. Bd3 Bb7 8. Qe2 Nbd7 9. a4 b4 10. Nbd2 c5 11. a5 Be7 12. Rd1 O-O 13. e4 cxd4 14.
e5 Nd5 15. Nb3 g6 16. Bb1 Rc8 17. Rxd4 Nc5 18. Nbd2 Kg7 19. h4 h5 20. g4 hxg4 21.
Rxg4 Rh8 22. Ng5 Bxg5 23. hxg5 Nf4 0-1

[Event "Early-Titled-Tuesday-Blitz-April-02-2024"]
[Site "Chess.com"]
[Date "2024.04.02"]
[Round "6"]
[White "MalyDominator"]
[Black "GiorgianBarbosa"]
[Result "1-0"]
[WhiteElo "2629"]
[BlackElo "2484"]
[TimeControl "180+1"]
[EndTime "9:04:17 PDT"]
[Termination "MalyDominator won by resignation"]

1. e4 c5 2. Nf3 g6 3. c4 Bg7 4. d4 Nc6 5. d5 Nd4 6. Nxd4 Bxd4 7. Bd3 d6 8. O-O Nf6 9. Nc3 O-O 10. Ne2 Nd7 11. Nxd4 cxd4 12. Bh6 Re8 13. Rb1 e5 14.
dxe6 fxe6 15. Qd2 e5 16. b4 a5 17. a3 axb4 18. axb4 Nf6 19. Bg5 Rf8 20. f4 Qe7 21. Qf2 Kg7 22. Qh4 Ra3 23. Rf3 1-0

[Event "Early-Titled-Tuesday-Blitz-April-02-2024"]
[Site "Chess.com"]
[Date "2024.04.02"]
[Round "6"]
[White "Boorchess"]
[Black "mertfelin"]
[Result "0-1"]
[WhiteElo "2524"]
[BlackElo "2286"]
[TimeControl "180+1"]
[EndTime "9:04:18 PDT"]
[Termination "mertfelin won by resignation"]

1. d4 d5 2. c4 e6 3. Nf3 Nf6 4.
g3 Be7 5. Bg2 O-O 6. O-O dxc4 7. Ne5 Nd5 8. Nxc4 b5 9. Ne5 Bb7 10. a3 Nd7 11. Nxd7 Qxd7 12. Qd3 c5 13. dxc5 Bxc5 14. Nc3 Rfd8 15. Nxb5 Ba6 16. a4 Rab8 17. e4 Nb4 18. Qxd7 Rxd7 19. Bf4 Rbd8 20. Rac1 Nd3 21.
Rc3 Nxf4 22. gxf4 Bxb5 23. axb5 Bb6 24. Bf3 Rd2 25. b3 g6 26. f5 R8d3 27. Rc8+ Kg7 28.
fxe6 fxe6 29. Bg4 Rxb3 30. Bxe6 Rbb2 31. h4 Bxf2+ 32. Kh1 Bxh4 33. Rf7+ Kh6 34. Rh8 Rb1+ 0-1

[Event "Early-Titled-Tuesday-Blitz-April-02-2024"]
[Site "Chess.com"]
[Date "2024.04.02"]
[Round "6"]
[White "MarcoRiehle"]
[Black "JiaHaoxiang"]
[Result "0-1"]
[WhiteElo "2767"]
[BlackElo "2604"]
[TimeControl "180+1"]
[EndTime "9:04:24 PDT"]
[Termination "JiaHaoxiang won by resignation"]

1. e4 c5 2. a3 e6 3. b4 cxb4 4. axb4 Bxb4 5. Bb2 Nf6 6. e5 Nd5 7. c4 Nc7 8. Ra3 Bxa3 9. Bxa3 Nc6 10. Qg4 g6 11. Nf3 h5 12. Qf4 Ne7 13. Nc3 Nf5 14.
Ne4 d6 15. exd6 Na6 16. Qe5 O-O 17. Nf6+ Kh8 18. d7 Bxd7 19. Bxf8 Qxf8 20. Nxd7+ Qg7 21. Be2 Rd8 22. Nf6 Nb4 23. O-O Nc6 24. Qa1 Ncd4 25.
Nxd4 Nxd4 26. Bd1 Qxf6 27. Qxa7 Rd7 28. h3 Kg7 29. Re1 Nc6 30. Bf3 Nxa7 0-1

[Event "Early-Titled-Tuesday-Blitz-April-02-2024"]
[Site "Chess.com"]
[Date "2024.04.02"]
[Round "6"]
[White "fmcabralis"]
[Black "Shuvalov"]
[Result "1-0"]
[WhiteElo "2419"]
[BlackElo "2585"]
[TimeControl "180+1"]
[EndTime "9:04:29 PDT"]
[Termination "fmcabralis won by resignation"]

1. e4 e6 2. d4 d5 3. Nc3 Bb4 4. e5 c5 5. a3 Bxc3+ 6. bxc3 Ne7 7. Qg4 Qc7 8. Bd2 cxd4 9. cxd4 Qxc2 10. Rc1 Qb2 11. Qxg7 Rg8 12. Rxc8+ Kd7 13. Rxg8 Qb1+ 14. Ke2 Qe4+ 15. Kd1 Qb1+ 16. Bc1 Qb3+ 17. Ke1 Qc3+ 18.
Bd2 Qa1+ 19. Ke2 Nbc6 20. Rxa8 Nxd4+ 21. Ke3 Nef5+ 22. Kf4 Nxg7 23. Nf3 Nxf3 24. Bb5+ Kc7 25. Rxa1 Nxd2 26. g4 Nb3 27. Rb1 Nd4 28. Rf8 h5 29.
Rxf7+ Kb6 30. Bd3+ Kc5 31. Rc7+ Nc6 32. Rxg7 1-0

[Event "Early-Titled-Tuesday-Blitz-April-02-2024"]
[Site "Chess.com"]
[Date "2024.04.02"]
[Round "6"]
[White "KononenkoD"]
[Black "Chess4always"]
[Result "1-0"]
[WhiteElo "2622"]
[BlackElo "2025"]
[TimeControl "180+1"]
[EndTime "9:04:29 PDT"]
[Termination "KononenkoD won by resignation"]

1. e4 c6 2. c4 d5 3. cxd5 cxd5 4. exd5 Nf6 5. Bb5+ Nbd7 6. Nc3 g6 7. d4 Bg7 8. d6 exd6 9. Qe2+ Kf8 10. Bf4 d5 11.
Nf3 a6 12. Bd3 b5 13. O-O Nb6 14. Rfe1 h5 15. Rac1 Be6 16. Nxb5 axb5 17. Bc7 Qe7 18. Bxb6 Kg8 19. Bxb5 Rxa2 20. Rc8+ Kh7 21. Ng5+ Kh6 22. Rc7 Qb4 23. Rxf7 Bg4 24. Qe3 Re8 25. Ne6+ Kh7 26.
Rxg7+ Kh8 27. Qh6+ 1-0

[Event "Early-Titled-Tuesday-Blitz-April-02-2024"]
[Site "Chess.com"]
[Date "2024.04.02"]
[Round "6"]
[White "JoshuaGK27"]
[Black "ansko1999"]
[Result "0-1"]
[WhiteElo "2531"]
[BlackElo "2643"]
[TimeControl "180+1"]
[EndTime "9:04:39 PDT"]
[Termination "ansko1999 won on time"]

1. e4 c5 2. Nf3 e6 3. d4 cxd4 4. Nxd4 Nc6 5. Nc3 Qc7 6. Be3 a6 7. g4 b5 8. Nxc6 dxc6 9. Qf3 e5 10. O-O-O Be6 11. Qg3 Nf6 12. g5 Nh5 13. Qf3 g6 14.
Bh3 Qc8 15. Bxe6 Qxe6 16. Kb1 Bb4 17. Rd3 O-O 18. Rhd1 a5 19. Ne2 a4 20. a3 Be7 21.
h3 b4 22. Qg4 Qc4 23. Nc1 bxa3 24. b3 axb3 25. Nxb3 a2+ 26. Ka1 Qxc2 0-1

[Event "Early-Titled-Tuesday-Blitz-April-02-2024"]
[Site "Chess.com"]
[Date "2024.04.02"]
[Round "6"]
[White "AccioChess"]
[Black "mightysmasher"]
[Result "0-1"]
[WhiteElo "2464"]
[BlackElo "2582"]
[TimeControl "180+1"]
[EndTime "9:04:39 PDT"]
[Termination "mightysmasher won by resignation"]

1. e4 e6 2. d4 d5 3. Nc3 dxe4 4. Nxe4 Nd7 5. Nf3 Ngf6 6. Bd3 Nxe4 7. Bxe4 Nf6 8. Bd3 c5 9. O-O cxd4 10. Nxd4 Bc5 11. Nb3 Bd6 12. Qf3 Qc7 13. h3 Bd7 14. Bd2 Bc6 15. Qe2 O-O-O 16. Na5 Bd7 17. c4 Rhe8 18. b4 e5 19. c5 Bf8 20. Rfc1 e4 21. c6 Bxc6 22. Bb5 Re6 23. Bxc6 bxc6 24. Qa6+ Kb8 25. Rxc6 Rxd2 26. Rxc7 Rxa6 27. Rxf7 Bxb4 28. Rb1 Rxa5 29. Rxb4+ Kc8 30. Rbb7 Rd7 0-1

[Event "Early-Titled-Tuesday-Blitz-April-02-2024"]
[Site "Chess.com"]
[Date "2024.04.02"]
[Round "6"]
[White "MarkusRagger"]
[Black "Kostya0705"]
[Result "1-0"]
[WhiteElo "2719"]
[BlackElo "2555"]
[TimeControl "180+1"]
[EndTime "9:04:40 PDT"]
[Termination "MarkusRagger won by resignation"]

1. e4 c5 2. Nf3 e6 3. g3 Nc6 4. d4 a6 5. d5 Nb8 6. Bg2 g6 7. O-O Bg7 8. c4 exd5 9. exd5 d6 10.
Bg5 Ne7 11. Re1 f6 12. Bf4 O-O 13. h4 Bg4 14. Nc3 Nd7 15. Qd2 Ne5 16. Nxe5 fxe5 17. Bg5 Qd7 18. Ne4 Bf5 19. b4 Bxe4 20. Bxe4 cxb4 21. Qxb4 Nf5 22. Bxf5 Qxf5 23. Be3 e4 24. Qxd6 Bxa1 25. Rxa1 Qf6 26. Qxf6 Rxf6 27. Rb1 b5 28. c5 Rf5 29. Rd1 Kf7 30. d6 Ke6 31.
d7 Rd5 32. Rxd5 Kxd5 33. Bg5 Kxc5 34. d8=Q Rxd8 35. Bxd8 Kb4 36. Be7+ Kc3 37. a3 a5 38. Kf1 b4 39. axb4 axb4 40. Ke2 b3 41. Bf6+ Kc2 42.
Ke3 1-0

[Event "Early-Titled-Tuesday-Blitz-April-02-2024"]
[Site "Chess.com"]
[Date "2024.04.02"]
[Round "6"]
[White "FredddieCroderg"]
[Black "colegiodemadrid"]
[Result "1-0"]
[WhiteElo "2362"]
[BlackElo "2503"]
[TimeControl "180+1"]
[EndTime "9:04:42 PDT"]
[Termination "FredddieCroderg won by resignation"]

1. d4 Nf6 2. c4 c5 3. d5 e6 4.
Nc3 exd5 5. cxd5 d6 6. e4 g6 7. f3 Bg7 8. Bg5 O-O 9. Qd2 Re8 10. Be2 a6 11. a4 Nbd7 12. Nh3 Ne5 13. Nf2 c4 14. O-O Qb6 15. a5 Qc5 16. Na4 Qc7 17.
Nb6 Rb8 18. Rfc1 Bd7 19. Bxc4 Nxc4 20. Rxc4 Qd8 21. Nxd7 Qxd7 22. Rac1 Qb5 23. Nd3 Nd7 24. b4 b6 25. axb6 Nxb6 26. Rc6 Bd4+ 27. Be3 Bxe3+ 28. Qxe3 Red8 29. Qd4 a5 30. bxa5 Qxa5 31. h4 h5 32. Nf2 Na4 33. Ra1 Rb4 34. Qf6 Qb5 35. Qxd8+ 1-0

[Event "Early-Titled-Tuesday-Blitz-April-02-2024"]
[Site "Chess.com"]
[Date "2024.04.02"]
[Round "6"]
[White "Knightmare1014"]
[Black "MikeWizard"]
[Result "0-1"]
[WhiteElo "2326"]
[BlackElo "2187"]
[TimeControl "180+1"]
[EndTime "9:04:46 PDT"]
[Termination "MikeWizard won by checkmate"]

1. e4 d6 2. d4 Nf6 3. Nc3 Nbd7 4. Nf3 e5 5. Bc4 Be7 6. O-O c6 7. a4 Qc7 8. Bb3 h6 9. a5 g5 10. Ne2 Nf8 11. Ng3 Ng6 12. Nf5 Bxf5 13. exf5 Nf4 14. dxe5 dxe5 15. Re1 Bd6 16. g3 Nh3+ 17.
Kg2 g4 18. Nxe5 Bxe5 19. Bf4 Nd7 20. Qe2 f6 21. Be6 O-O-O 22. Bxe5 Qxe5 23. Qd3 Qc5 24.
Re2 Kc7 25. Qe4 Ne5 26. b4 Qd6 27. a6 b6 28. b5 Ng5 29. Qa4 Nxe6 30. fxe6 Qd5+ 31.
Kf1 Qh1# 0-1

[Event "Early-Titled-Tuesday-Blitz-April-02-2024"]
[Site "Chess.com"]
[Date "2024.04.02"]
[Round "6"]
[White "Zakaryan_David"]
[Black "DvaHrasta"]
[Result "1-0"]
[WhiteElo "2665"]
[BlackElo "2524"]
[TimeControl "180+1"]
[EndTime "9:04:49 PDT"]
[Termination "Zakaryan_David won on time"]

1. e4 c6 2. d4 d5 3. e5 c5 4.
Nf3 Nc6 5. dxc5 Bg4 6. c3 e6 7. Be3 Bxf3 8. Qxf3 Nxe5 9. Bb5+ Nc6 10. c4 Nf6 11.
Nc3 a6 12. Ba4 Qa5 13. O-O-O Bxc5 14. cxd5 exd5 15. Bxc5 Qxc5 16. Rhe1+ Kf8 17. Kb1 b5 18. Bb3 Nd4 19. Qf5 Nxb3 20. axb3 Rd8 21. g4 h6 22. h4 b4 23. Na4 Qc8 24. Qxc8 Rxc8 25. g5 hxg5 26. hxg5 Ne4 27. Rxd5 Nxf2 28. Nb6 Ra8 29. Nxa8 1-0

[Event "Early-Titled-Tuesday-Blitz-April-02-2024"]
[Site "Chess.com"]
[Date "2024.04.02"]
[Round "6"]
[White "lefonghua"]
[Black "TitanChess666"]
[Result "0-1"]
[WhiteElo "2604"]
[BlackElo "2528"]
[TimeControl "180+1"]
[EndTime "9:04:51 PDT"]
[Termination "TitanChess666 won by resignation"]

1. e4 e5 2. d4 exd4 3. c3 d5 4. Qxd4 dxe4 5. Qxe4+ Qe7 6. Qxe7+ Bxe7 7. Nf3 Nf6 8. Be2 O-O 9. O-O Re8 10. Re1 Bf8 11. Bg5 Ne4 12. Be3 Be6 13. Nbd2 Nxd2 14. Nxd2 Nc6 15.
Bf3 Rad8 16. Bxc6 bxc6 17. Nb3 a6 18. Red1 Bd5 19. Rd2 Rb8 20. Nc5 Rxe3 21. Nxa6 Rb6 22. fxe3 Rxa6 23. b3 f5 24. c4 Be4 25. Rd8 Kf7 26. Rd7+ Kf6 27. g3 Bc5 28. Kf2 Bd6 29. a4 Be5 30. Ra2 Ke6 31. Rd8 Bc3 32. Re8+ Kd7 33. Rb8 Bb1 34. Re2 Rb6 35. Rxb6 cxb6 36. h4 Kd6 37. Kg2 Be4+ 38. Kh3 Kc5 39. Rf2 h5 40.
Rf1 Kb4 0-1

[Event "Early-Titled-Tuesday-Blitz-April-02-2024"]
[Site "Chess.com"]
[Date "2024.04.02"]
[Round "6"]
[White "trriinu"]
[Black "shirovin"]
[Result "1-0"]
[WhiteElo "2294"]
[BlackElo "2046"]
[TimeControl "180+1"]
[EndTime "9:04:51 PDT"]
[Termination "trriinu won by resignation"]

1. e4 d6 2. d4 Nf6 3. Nc3 e5 4. Nf3 Nbd7 5. Bc4 Be7 6. O-O O-O 7. h3 h6 8. Be3 c6 9. a4 Rb8 10. Qe2 b6 11. Rad1 Qc7 12. Nh4 exd4 13. Bxd4 Ne5 14. Ba2 c5 15. Nb5 Qd8 16. Bxe5 Nd7 17. Ng6 dxe5 18. Nxf8 Qxf8 19. Nxa7 Nf6 20. Nc6 Ra8 21. Nxe5 Ba6 22. Bc4 Bb7 23. Bxf7+ Kh7 24. Bg6+ Kg8 25. Qc4+ Nd5 26. exd5 Qf6 27. d6+ 1-0

[Event "Early-Titled-Tuesday-Blitz-April-02-2024"]
[Site "Chess.com"]
[Date "2024.04.02"]
[Round "6"]
[White "Happy1712Drummer"]
[Black "NigiriSushies"]
[Result "0-1"]
[WhiteElo "2483"]
[BlackElo "2342"]
[TimeControl "180+1"]
[EndTime "9:04:54 PDT"]
[Termination "NigiriSushies won on time"]

1. e4 c5 2. Nf3 d6 3. Bb5+ Nd7 4. O-O Nf6 5. Re1 g6 6. c3 Bg7 7. d4 O-O 8. e5 dxe5 9. dxe5 Ne8 10. e6 fxe6 11.
Ng5 Nc7 12. Nxe6 Nxe6 13. Rxe6 Ne5 14. Qb3 Bxe6 15. Qxe6+ Kh8 16. Nd2 Qb6 17. Qxb6 axb6 18. a4 Rad8 19. g3 Rxd2 20. Bxd2 Nf3+ 21. Kg2 Nxd2 22.
Re1 e5 23. Rd1 Rd8 24. f4 exf4 25. gxf4 Bh6 0-1

[Event "Early-Titled-Tuesday-Blitz-April-02-2024"]
[Site "Chess.com"]
[Date "2024.04.02"]
[Round "6"]
[White "HajiyevKanan"]
[Black "Casper"]
[Result "1-0"]
[WhiteElo "2601"]
[BlackElo "2497"]
[TimeControl "180+1"]
[EndTime "9:04:56 PDT"]
[Termination "HajiyevKanan won by resignation"]

1. d4 f5 2. g3 Nf6 3. Bg2 g6 4. Nf3 Bg7 5. b3 O-O 6. Bb2 d6 7. Nbd2 Nc6 8. c4 Qe8 9. d5 Nd8 10. O-O e5 11. dxe6 Nxe6 12. Nd4 Nc5 13. Re1 c6 14.
Qc2 Nfe4 15. Nxe4 Nxe4 16. Rad1 a5 17. Nf3 Be6 18. Bxg7 Kxg7 19. Qb2+ Kg8 20. Nd2 d5 21. cxd5 Bxd5 22. Nxe4 fxe4 23. e3 a4 24. bxa4 Qf7 25.
Rd4 c5 26. Rd2 Rxa4 27. a3 Rfa8 28. Qe5 Bc6 29. Red1 Qf8 30. Bh3 h5 31. Be6+ Kh7 32.
h4 Rxa3 33. Rd7+ 1-0

[Event "Early-Titled-Tuesday-Blitz-April-02-2024"]
[Site "Chess.com"]
[Date "2024.04.02"]
[Round "6"]
[White "MusicCityMaster"]
[Black "IMRosen"]
[Result "1-0"]
[WhiteElo "2438"]
[BlackElo "2659"]
[TimeControl "180+1"]
[EndTime "9:04:58 PDT"]
[Termination "MusicCityMaster won by checkmate"]

1. d4 d5 2. c4 e6 3. Nc3 Nf6 4. Nf3 Nbd7 5. g3 dxc4 6. Bg2 c6 7. O-O b5 8. e4 b4 9. Na4 Nxe4 10. Ne5 f5 11. Bxe4 fxe4 12. Qh5+ g6 13. Nxg6 Nf6 14. Qh4 Rg8 15. Nxf8 Rxf8 16. Bg5 Qxd4 17. Rad1 Qe5 18.
Nc5 a5 19. Bxf6 Rxf6 20. Nxe4 Rg6 21. Rd8+ Kf7 22. Nd6+ Kg7 23. Qe7+ Kh6 24. Nf7+ Kh5 25. Qh4# 1-0

[Event "Early-Titled-Tuesday-Blitz-April-02-2024"]
[Site "Chess.com"]
[Date "2024.04.02"]
[Round "6"]
[White "FGHSMN"]
[Black "Maxfan2008"]
[Result "1-0"]
[WhiteElo "2912"]
[BlackElo "2586"]
[TimeControl "180+1"]
[EndTime "9:05:01 PDT"]
[Termination "FGHSMN won by checkmate"]

1. d4 d5 2. Nf3 Nf6 3. Bf4 c5 4. e3 Nc6 5. Nbd2 cxd4 6. exd4 Bf5 7. Bb5 e6 8. Ne5 Rc8 9. c4 Bd6 10. c5 Bxe5 11. Bxe5 O-O 12. Bxc6 Rxc6 13. O-O Nd7 14. Bd6 Re8 15. b4 e5 16. Nb3 Qg5 17. dxe5 Nxe5 18. Qxd5 Nd3 19. Nd4 g6 20. Nxc6 bxc6 21. Qxc6 Re2 22. Qa8+ Kg7 23. Bf8+ Kg8 24. Bh6+ Qd8 25.
Qxd8+ Re8 26. Qxe8# 1-0

[Event "Early-Titled-Tuesday-Blitz-April-02-2024"]
[Site "Chess.com"]
[Date "2024.04.02"]
[Round "6"]
[White "Mikasinski"]
[Black "secrethawk1"]
[Result "0-1"]
[WhiteElo "2615"]
[BlackElo "2429"]
[TimeControl "180+1"]
[EndTime "9:05:03 PDT"]
[Termination "secrethawk1 won by resignation"]

1. e4 e6 2. d4 d5 3. Nc3 dxe4 4. Nxe4 Nf6 5. Nxf6+ Qxf6 6. Nf3 h6 7. c3 Bd6 8. g3 b6 9. Bg2 Bb7 10. O-O Nd7 11. Re1 O-O 12. Ne5 Bxg2 13. Nxd7 Qe7 14. Kxg2 Qxd7 15. Qf3 a5 16. a4 Rae8 17. h4 f6 18. h5 e5 19. Qd5+ Kh8 20. dxe5 Rxe5 21.
Rxe5 fxe5 22. Be3 Qf5 23. Rh1 Qc2 24. Qd2 Qxa4 25. Bxh6 Qe4+ 26. Kg1 gxh6 27. Qxh6+ Qh7 28. Qd2 Rf6 29. h6 Rf8 30. Kg2 Qe4+ 31. Kg1 Bc5 32. Rh2 Qb1+ 0-1

[Event "Early-Titled-Tuesday-Blitz-April-02-2024"]
[Site "Chess.com"]
[Date "2024.04.02"]
[Round "6"]
[White "Onischuk_V"]
[Black "IriBu"]
[Result "1-0"]
[WhiteElo "2828"]
[BlackElo "2590"]
[TimeControl "180+1"]
[EndTime "9:05:11 PDT"]
[Termination "Onischuk_V won by resignation"]

1. e4 d6 2. d4 Nf6 3. Nc3 e5 4. Nf3 Nbd7 5. g3 Be7 6. Bg2 O-O 7. O-O c6 8. a4 Re8 9. Re1 Qc7 10. h3 Bf8 11. g4 exd4 12. Nxd4 Nc5 13. f4 a5 14. g5 Nfd7 15. Kh1 Nb6 16. f5 d5 17. exd5 Bd7 18. dxc6 bxc6 19. Rf1 Bd6 20. Qf3 Nc4 21. Nxc6 Rac8 22. Nd4 Ne5 23. Qf2 Qb8 24. Ndb5 Bc6 25. Nxd6 Qxd6 26. Bf4 Bxg2+ 27. Qxg2 Qb6 28. Rae1 Nc4 29.
Nd5 Qa7 30. Nf6+ 1-0

[Event "Early-Titled-Tuesday-Blitz-April-02-2024"]
[Site "Chess.com"]
[Date "2024.04.02"]
[Round "6"]
[White "ChessSwole"]
[Black "akanga001"]
[Result "1-0"]
[WhiteElo "2687"]
[BlackElo "2129"]
[TimeControl "180+1"]
[EndTime "9:05:11 PDT"]
[Termination "ChessSwole won on time"]

1. e4 e5 2. Nf3 Nc6 3. Bc4 Nf6 4. d3 Bc5 5. c3 a6 6. Bb3 d6 7.
Nbd2 h6 8. h3 O-O 9. Qe2 Be6 10.
Bc2 Re8 11. g4 d5 12. Nf1 dxe4 13. dxe4 Ba7 14. Ne3 g6 15. Bd2 b5 16. Rg1 b4 17.
Nf5 bxc3 18. Nxh6+ Kg7 19. bxc3 Na5 20. Bd3 Rb8 21.
Bc1 c5 22. Nf5+ Kg8 23. Ng5 1-0

[Event "Early-Titled-Tuesday-Blitz-April-02-2024"]
[Site "Chess.com"]
[Date "2024.04.02"]
[Round "6"]
[White "Kate1606"]
[Black "romulocardoso"]
[Result "0-1"]
[WhiteElo "2139"]
[BlackElo "2453"]
[TimeControl "180+1"]
[EndTime "9:05:14 PDT"]
[Termination "romulocardoso won on time"]

1. e4 c5 2. Nc3 g6 3. f4 Nc6 4.
Nf3 Bg7 5. Bb5 d6 6. O-O Bd7 7. Bxc6 Bxc6 8. d3 Nf6 9. Qe1 O-O 10. Qh4 d5 11. f5 dxe4 12. dxe4 b5 13. Bh6 b4 14. Bxg7 Kxg7 15. e5 bxc3 16. exf6+ exf6 17. bxc3 Re8 18. fxg6 fxg6 19. Rad1 Qe7 20. Rfe1 Qb7 21. Rxe8 Rxe8 22. Rd6 g5 23. Qg4 Bxf3 24. gxf3 Qb1+ 25. Kg2 Qxc2+ 26. Kg3 Qe2 27. Qh5 Qe1+ 28. Kg4 Re4+ 0-1

[Event "Early-Titled-Tuesday-Blitz-April-02-2024"]
[Site "Chess.com"]
[Date "2024.04.02"]
[Round "6"]
[White "KubaGepard"]
[Black "KNVB"]
[Result "1-0"]
[WhiteElo "2588"]
[BlackElo "2782"]
[TimeControl "180+1"]
[EndTime "9:05:15 PDT"]
[Termination "KubaGepard won by checkmate"]

1. d4 e5 2. dxe5 Nc6 3. Nf3 Qe7 4. Nc3 Nxe5 5. Nd5 Nxf3+ 6. gxf3 Qd8 7. Qd4 Ne7 8. Bg5 f6 9. Bxf6 gxf6 10. Nxf6+ Kf7 11. Nh5 Ng6 12. e4 d5 13. O-O-O Qg5+ 14. f4 Qxh5 15. f5 Bh6+ 16. Kb1 Rd8 17. fxg6+ hxg6 18. Bc4 Bg7 19.
Bxd5+ Kf8 20. Qc5+ Rd6 21. Qxc7 Rxd5 22. Rxd5 Qf3 23.
Rd8# 1-0